 Dungeon Crawl Stone Soup version 0.17.1-3-g152610e (webtiles) character file.

46 jacquesderrida the Caller (level 3, -2/24 HPs)
             Began as a Demonspawn Summoner on Apr 27, 2016.
             Killed by divine providence
             ... invoked by an orc priest
              (14 damage)
             ... on level 3 of the Dungeon on Apr 28, 2016.
             The game lasted 00:06:14 (986 turns).

jacquesderrida the Caller (Demonspawn Summoner)      Turns: 986, Time: 00:06:14

Health: -2/24      AC:  4    Str:  9    XL:     3   Next: 44%
Magic:  4/6        EV: 11    Int: 16    God:
Gold:   94         SH:  0    Dex: 13    Spells: 3 memorised, 0 levels left

rFire  . . .     SeeInvis .     q - +0 hunting sling
rCold  . . .     Clarity  .     p - +0 leather armour (curse)
rNeg   . . .     SustAt   .     (no shield)
rPois  .         Gourm    .     (no helmet)
rElec  .         Spirit   .     (no cloak)
rCorr  .         Warding  .     (no gloves)
rMut   .         Stasis   .     (no boots)
MR     .....                    (no amulet)
Stlth  ++........               (no ring)
                                (no ring)

@: invisible, not resistant to hostile enchantments, unstealthy
A: rugged brown scales 1
a: no special abilities


You were on level 3 of the Dungeon.
You were hungry.

You visited 1 branch of the dungeon, and saw 3 of its levels.

You collected 94 gold pieces.

Inventory:

Hand Weapons
 e - a +0 dagger
 q - a +0 hunting sling (weapon)
Missiles
 r - 13 stones (quivered)
Armour
 a - a +0 robe
 p - a cursed +0 leather armour (worn)
Scrolls
 g - 3 scrolls of magic mapping {unknown}
 k - a scroll of identify {unknown}
 o - a scroll of noise {unknown}
Potions
 h - a potion of invisibility
 j - 2 potions of curing {unknown}
 l - 2 potions of poison {unknown}
 n - 2 potions of lignification {unknown}
Books
 b - a book of Callings

   Spells                             Type                      Level
   a - Summon Small Mammal            Summoning                    1
   b - Call Imp                       Summoning                    2
   c - Call Canine Familiar           Summoning                    3
   d - Summon Guardian Golem          Hexes/Summoning              3
   e - Summon Lightning Spire         Summoning/Air                4
   f - Summon Ice Beast               Ice/Summoning                4
Comestibles
 c - 2 bread rations
 d - a beef jerky
 f - a meat ration
 i - 4 fruits


   Skills:
 - Level 1.7 Dodging
 - Level 1.7 Stealth
 - Level 2.0 Spellcasting
 + Level 5.2 Summonings


You couldn't memorise any spells.
You knew the following spells:

 Your Spells              Type           Power        Failure   Level  Hunger
a - Summon Small Mammal   Summ           ###.         3%          1    #......
b - Call Imp              Summ           ###.....     6%          2    ###....
c - Call Canine Familiar  Summ           ###.....     12%         3    ###....


Dungeon Overview and Level Annotations

Branches:
Dungeon (3/15)

Altars:


Innate Abilities, Weirdness & Mutations

You are partially covered in rugged brown scales (AC +1, +3% HP).


Message History

Aim: an orc, wearing a ring mail (severely wounded)
You shoot a stone. The stone hits the orc.
You kill the orc!
The orc priest mumbles some strange prayers to Beogh against you.
Something smites you!
Ouch! That really hurt!
Firing (i - inventory):
r - 14 stones (quivered)
Press: ? - help, Shift-Dir - straight line, f - orc
Aim: an orc, wielding a short sword You shoot a stone.
The stone barely misses the orc.
The stone closely misses the orc priest.
Your hound bites the orc.
The orc priest casts a cantrip, but nothing happens.
Drink which item? (? for menu, Esc to quit)
It was a potion of invisibility.
You fade into invisibility!
The orc priest mumbles some strange prayers to Beogh against you.
Something smites you!
Ouch! That really hurt!
You die...

##.#####........##.
#.# #........##.
#.#####.######.#
#.#.....#
####.#.#####
....#.# ###..#.#
...####....#.#
...(...oho@..#
######.#.#### #.#.#
########o#.#
.......#o#..
#...o.o.###.
..o###.### .# #. #
#.


You could see an orc priest, an orc and a friendly hound.

Vanquished Creatures
  An orc (D:3)
  A giant cockroach (D:2)
  A bat (D:2)
  A goblin (D:2)
  2 rats (D:2)
6 creatures vanquished.

Vanquished Creatures (collateral kills)
  2 adders (D:2)
  An ooze (D:1)
  4 giant geckos
  5 bats
  5 goblins (D:1)
  2 hobgoblins
  7 kobolds
  A quokka (D:2)
  A ball python (D:2)
  A giant cockroach (D:2)
  5 giant newts
  4 rats
38 creatures vanquished.

Grand Total: 44 creatures vanquished

Notes
Turn   | Place    | Note
--------------------------------------------------------------
     0 | D:1      | jacquesderrida the Demonspawn Summoner began the quest for the Orb.
     0 | D:1      | Reached XP level 1. HP: 13/13 MP: 3/3
   182 | D:1      | Gained mutation: You are partially covered in rugged brown scales (AC +1, +3% HP). [demonic ancestry]
   182 | D:1      | Reached XP level 2. HP: 7/19 MP: 1/5
   265 | D:1      | Learned a level 2 spell: Call Imp
   643 | D:2      | Reached skill level 5 in Summonings
   648 | D:2      | Reached XP level 3. HP: 22/24 MP: 2/6
   664 | D:2      | Learned a level 3 spell: Call Canine Familiar
   986 | D:3      | Killed from afar by an orc priest

Action                   || total
-------------------------++-------
Melee: Unarmed           ||     2
       Dagger            ||    14
 Fire: Hunting sling     ||     3
 Cast: Summon Small Mamm ||    23
       Call Imp          ||     8
       Call Canine Famil ||     5
  Use: Potion            ||     1
 Stab: Sleeping          ||     2
  Eat: Chunk             ||     1
